Map: Turbo Cruise '84 LE

Players

Mez - Winner!

  • Race: Terran Terran
  • League: Diamond
  • Spawn Location: 3:00

OrcRine

  • Race: Protoss Protoss
  • League: Diamond
  • Spawn Location: 7:00

VOD

Have the link to the VOD?

Description

Time

  • Played on: July 27, 2019, 11:43 p.m.
  • Length: 8:02
Show
View Real Time Build Order
Export as new Build Order

Mez Terran - Winner!

Build Orders: Reaper Expand 

Get SALT Encoding   

  12  0:00  SCV  
  13  0:13  SCV  
  14  0:17  Supply Depot  
  14  0:26  SCV  
  15  0:39  SCV  
  15  0:42  Barracks  
  16  0:45  Refinery  
  16  0:51  SCV  
  17  1:03  SCV  
  18  1:15  SCV  
  19  1:30  Reaper, Orbital Command  
  20  1:45  Command Center  
  20  1:56  Barracks  
  20  2:00  SCV  
  21  2:10  Barracks Reactor  
  21  2:12  SCV  
  22  2:19  Supply Depot  
  22  2:25  SCV, Barracks  
  23  2:43  SCV  
  25  2:46  Marine, Barracks Tech Lab  
  25  2:47  Marine  
  26  2:56  SCV  
  26  2:58  Engineering Bay  
  26  2:59  Orbital Command  
  26  3:04  Marine x2  
  27  3:07  Marauder  
  27  3:12  Combat Shield  
  29  3:16  Marine  
  30  3:28  Marine x2  
  30  3:29  SCV x2  
  34  3:41  SCV x2  
  34  3:47  Marine x2  
  34  3:48  Marine x2  
  39  3:51  Terran Infantry Weapons Level 1  
  39  3:53  SCV x2  
  41  4:01  Supply Depot  
  41  4:07  Marine x4  
  45  4:14  SCV  
  46  4:20  Supply Depot  
  46  4:22  SCV  
  47  4:25  Marine x2  
  47  4:30  Barracks Tech Lab  
  49  4:31  Stimpack  
  49  4:36  SCV x2, Marine  
  52  4:43  Command Center  
  52  4:46  Supply Depot  
  52  4:50  SCV x2  
  54  4:53  Factory  
  54  4:55  Refinery  
  54  4:56  Refinery, Marine x2  
  54  4:59  Marine  
  57  5:02  SCV  
  57  5:04  SCV  
  55  5:14  SCV  
  54  5:22  SCV  
  54  5:25  Marine x2  
  54  5:26  SCV, Marine x2  
  59  5:34  SCV  
  56  5:38  SCV  
  56  5:42  Starport, Factory Reactor  
  55  5:46  SCV  
  55  5:47  Refinery  
  55  5:49  Terran Infantry Armor Level 1  
  53  5:50  SCV, Marine x4  
  57  6:01  Barracks  
  57  6:02  Barracks, Supply Depot  
  56  6:06  Concussive Shells  
  56  6:17  Marine x2, Marauder x2  
  56  6:18  Orbital Command  
  62  6:23  SCV x2  
  64  6:27  Supply Depot  
  64  6:34  Medivac x2  
  64  6:35  SCV x2  
  64  6:39  Engineering Bay  
  70  6:41  Armory  
  72  6:47  Marauder  
  72  6:48  Marine x2, Marauder  
  72  6:50  SCV x2  
  72  6:52  Barracks Reactor, Barracks Tech Lab  
  78  6:54  SCV  
  78  6:57  Supply Depot  
  79  7:02  SCV  
  79  7:05  Bunker  
  79  7:06  SCV x2  
  82  7:14  SCV  
  83  7:19  Marine x2  
  83  7:20  Marine, Marauder x2  
  83  7:22  SCV x2  
  92  7:25  Medivac x2  
  92  7:26  SCV  
  97  7:32  Supply Depot  
  97  7:33  Marine x2, Supply Depot  
  97  7:34  SCV x2  
  97  7:35  Supply Depot  
  101  7:39  SCV, Marine x2  
  101  7:40  Marine, Marauder  
  101  7:41  Marine  
Show
View Real Time Build Order
Export as new Build Order

OrcRine Protoss 

Build Orders: 1 Gate Expand 

Get SALT Encoding   

  12  0:01  Probe  
  13  0:13  Probe  
  14  0:18  Pylon  
  14  0:25  Probe  
  15  0:36  Probe  
  15  0:37  Gateway  
  16  0:44  Probe  
  17  0:52  Assimilator  
  17  0:54  Probe  
  18  1:27  Cybernetics Core  
  18  1:34  Nexus  
  18  1:38  Probe  
  19  1:50  Pylon  
  19  1:53  Stalker  
  19  1:54  Probe  
  20  2:04  Warp Gate  
  21  2:13  Adept  
  21  2:14  Probe  
  24  2:33  Assimilator  
  24  2:40  Probe  
  24  2:44  Probe  
  24  2:45  Robotics Facility  
  23  2:52  Probe  
  23  2:53  Probe  
  25  3:02  Probe  
  25  3:05  Probe  
  27  3:14  Probe, Gateway  
  27  3:17  Probe  
  29  3:26  Probe  
  30  3:29  Probe  
  31  3:38  Probe  
  31  3:41  Probe  
  31  3:50  Probe  
  31  3:53  Probe  
  33  3:57  Shield Battery  
  33  4:00  Shield Battery  
  34  4:02  Probe  
  34  4:04  Observer  
  34  4:05  Probe  
  36  4:10  Twilight Council  
  36  4:13  Stalker  
  36  4:15  Probe, Pylon  
  39  4:17  Probe  
  39  4:24  Pylon  
  40  4:27  Probe  
  40  4:29  Probe  
  42  4:36  Gateway  
  42  4:39  Probe  
  42  4:41  Probe  
  44  4:46  Nexus  
  44  4:51  Sentry  
  44  4:52  Stalker  
  42  5:14  Stalker  
  36  5:23  Stalker  
  34  5:36  Probe, Charge  
  34  5:38  Probe  
  34  5:44  Probe  
  35  5:50  Probe, Pylon  
  35  5:54  Probe, Pylon  
  35  5:56  Stalker x3  
  43  6:03  Probe  
  44  6:06  Probe  
  45  6:12  Probe, Assimilator  
  45  6:14  Probe x2  
  45  6:16  Assimilator  
  48  6:20  Probe  
  48  6:23  Probe  
  48  6:24  Templar Archives  
  49  6:29  Probe  
  49  6:31  Probe  
  52  6:40  Probe  
  52  6:42  Sentry  
  52  6:44  Warp Prism  
  52  6:46  Zealot x2  
  59  6:50  Probe  
  59  6:51  Gateway  
  62  7:02  Probe  
  63  7:09  Probe  
  63  7:14  Probe  
  65  7:18  Forge  
  65  7:22  Probe x2  
  67  7:25  Zealot  
  67  7:26  Zealot x2  
  73  7:34  Probe  
  74  7:49  Zealot x4  
Tags
 
Add a new tag
Caveats
  • Supply blocks, unpowered buildings, or Contaminate may cause inaccurate times.
  • Supply counts are checked every 10 seconds.